 Dungeon Crawl Stone Soup version 0.24-a0-524-gf43b32f898 (webtiles) character file.

Game seed: 12854886194876355061

49 Mithandil the Conjurer (level 3, 0/19 HPs)
             Began as a Deep Elf Conjurer on July 31, 2019.
             Slain by Purgy (3 damage)
             ... in a sewer.
             The game lasted 00:12:32 (1339 turns).

Mithandil the Conjurer (Deep Elf Conjurer)          Turns: 1339, Time: 00:12:33

Health: 0/19       AC:  3    Str:  6    XL:     3   Next: 51%
Magic:  0/10       EV: 12    Int: 19    God:
Gold:   55         SH:  0    Dex: 15    Spells: 6/9 levels left

rFire    . . .     SeeInvis .   b - +0 short sword (protect)
rCold    . . .     Gourm    .   (no shield)
rNeg     . . .     Faith    .   k - +0 leather armour
rPois    .         Spirit   .   (no helmet)
rElec    .         Reflect  .   (no cloak)
rCorr    .         Harm     .   (no gloves)
MR       .....                  (no boots)
Stlth    +.........             (no amulet)
HPRegen  0.06/turn              (no ring)
MPRegen  0.12/turn              (no ring)

@: very slow
A: no striking features
a: no special abilities


You were in a sewer.
You were not hungry.

You visited 1 branch of the dungeon, and saw 3 of its levels.
You also visited: Sewer.

You collected 55 gold pieces.

Inventory:

Hand Weapons
 a - a +0 dagger
 b - a +0 short sword of protection (weapon)
Missiles
 l - 16 arrows
 q - 8 atropa-tipped darts (quivered)
Armour
 k - a +0 leather armour (worn)
Scrolls
 g - 2 scrolls of random uselessness {unknown}
 h - 2 scrolls of teleportation {unknown}
 m - 2 scrolls of identify {unknown}
 n - a scroll of blinking {unknown}
 o - 2 scrolls of remove curse {unknown}
Potions
 d - a potion of cancellation {unknown}
 e - a potion of brilliance {unknown}
 i - a potion of haste {unknown}
 j - a potion of curing {unknown}
 p - a potion of ambrosia {unknown}
Comestibles
 c - 3 rations
 f - 6 chunks of flesh


   Skills:
 + Level 3.0 Dodging
 + Level 3.0 Stealth
 * Level 3.8 Spellcasting
 * Level 4.9 Conjurations


You had 6 spell levels left.
You knew the following spells:

 Your Spells              Type           Power        Failure   Level  Hunger
a - Magic Dart            Conj           ###.         2%          1    None
b - Searing Ray           Conj           ###...       4%          2    ##.....

Your spell library contained the following spells:

 Spells                   Type           Power        Failure   Level  Hunger
 Dazzling Spray           Conj/Hex       ##....       24%         3    ###....
 Iskenderun's Mystic Bla  Conj           ###.....     28%         4    ####...
 Force Lance              Conj/Tloc      ##......     61%         4    ####...
 Fulminant Prism          Conj/Hex       ##........   61%         4    ####...


Dungeon Overview and Level Annotations

Branches:
Dungeon (3/15)

Altars:

Annotations:
Sewer Purgy


Message History

The searing ray hits Purgy.
Purgy is moderately wounded.
Purgy misses you. Purgy barely misses you. Purgy claws you.
The searing ray misses Purgy.
Purgy barely misses you. Purgy closely misses you.
Purgy claws you but does no damage. The frilled lizard closely misses you.
The searing ray misses Purgy.
You finish channeling your searing ray.
Purgy bites you.
Purgy claws you. x2; The frilled lizard closely misses you.
Casting: Searing Ray (safe; 4% risk of failure)
Confirm with . or Enter, or press ? or * to list all spells.
Aiming: Searing Ray (safe; 4% risk of failure)
Press: ? - help, Shift-Dir - straight line, f/p - Purgy
Aim: Purgy (moderately wounded)
The searing ray hits Purgy!
Purgy is heavily wounded. (Press . to maintain the ray.) Purgy barely misses you.
Purgy claws you.
* * * LOW HITPOINT WARNING * * *
Purgy claws you.
You die...

##.≈≈≈≈≈≈≈ #≈ #.≈≈≈≈≈≈≈≈
#≈ ##.≈≈≈≈≈≈≈ #≈
##≈≈≈≈≈≈≈≈≈ #.
#≈≈≈≈≈≈≈≈≈≈ #≈
#≈≈≈≈≈≈≈≈≈≈ #≈
###.≈≈≈≈≈≈≈≈≈
≈≈####T#####.≈≈≈≈≈≈≈≈≈≈#
≈≈...≈≈@≈#..≈≈≈≈≈≈≈≈≈≈≈#
≈≈≈≈≈≈l≈≈..≈≈≈≈≈≈≈≈≈≈≈##
≈≈≈≈≈≈≈≈≈≈≈≈≈≈≈≈≈≈≈≈≈≈#
≈≈≈≈≈≈≈≈≈≈≈≈≈≈≈≈≈≈≈≈##
≈≈≈≈≈≈≈≈≈≈≈≈≈≈≈≈≈≈≈≈#
≈≈≈≈≈≈≈≈≈≈≈≈≈≈≈≈≈≈###
≈≈≈≈≈≈≈≈≈≈≈≈≈≈≈≈≈##
≈≈≈≈≈≈≈≈≈≈≈≈≈≈≈≈≈#
≈≈≈≈##≈#≈≈≈≈≈≈≈#


You could see Purgy and a frilled lizard.

Vanquished Creatures
  2 worms
  A leopard gecko (D:1)
  2 ball pythons
  4 giant cockroaches
  5 goblins
  5 hobgoblins
  A quokka (D:2)
  2 bats (D:2)
  8 frilled lizards
  9 kobolds
  3 rats
42 creatures vanquished.

Notes
Turn   | Place    | Note
-------+----------+-------------------------------------------
     0 | D:1      | Mithandil the Deep Elf Conjurer began the quest for the
                  | Orb.
     0 | D:1      | Reached XP level 1. HP: 10/10 MP: 6/6
   215 | D:1      | Reached XP level 2. HP: 15/15 MP: 4/8
   219 | D:1      | Learned a level 2 spell: Searing Ray
   872 | D:2      | Reached XP level 3. HP: 19/19 MP: 1/10
  1146 | D:3      | Found a glowing drain.
  1213 | Sewer    | Entered a sewer
  1331 | Sewer    | Noticed Purgy
  1339 | Sewer    | Slain by Purgy

Levels and vault maps discovered:
D:1:      nzn_arrival_depleted_hourglass, layout_basic
D:2:      layout_rooms, first_ration, hex_intersection
D:3:      layout_loops_ring, old_standard_altar, cheibrodos_sewer_entry_drain,
          minmay_misc_feat_alley, uniq_sigmund
Sewer:    sewer_co_purgy_island

Skill      XL: |  1  2  3 |
---------------+----------+-----
Dodging        | 3 |  3.0
Stealth        | 3 |  3.0
Spellcasting   | |  3.8
Conjurations   | |  4.9

Action                   || total
-------------------------++-------
Melee: Short sword       ||    25
 Cast: Magic Dart        ||    73
       Searing Ray       ||     5
  Eat: Chunk             ||     1
Armor: Ring mail         ||     2
       Leather armour    ||    16
Dodge: Dodged            ||    27

Table legend:
 A = Non-vault XP
 B = Vault XP
 C = Vault XP percentage of total XP
 D = Non-vault monster count
 E = Vault monster count
 F = Vault count percentage of total count
                 A         B        C        D         E       F
            +---------+---------+-------+---------+---------+-------
      Total |      57 |      13 |  18.6 |      34 |       8 |  19.0
            +---------+---------+-------+---------+---------+-------
        D:1 |      24 |       0 |   0.0 |      14 |       0 |   0.0
        D:2 |      27 |       0 |   0.0 |      16 |       0 |   0.0
        D:3 |       6 |       8 |  57.1 |       4 |       3 |  42.9
      Sewer |       0 |       5 | 100.0 |       0 |       5 | 100.0
            +---------+---------+-------+---------+---------+-------
